 Dungeon Crawl Stone Soup version 0.29-a0-219-g0a02b1cf4f (webtiles) character file.

Game seed: 874634759376218284

44 AlmostDecent the Shooter (level 3, 21/21 HPs)
             Began as a Tengu Hunter on Feb 25, 2022.
             Was a Follower of Wu Jian.
             Quit the game on level 2 of the Dungeon.
             The game lasted 00:03:42 (1283 turns).

AlmostDecent the Shooter (Tengu Hunter)             Turns: 1283, Time: 00:03:42

Health: 21/21      AC:  6    Str: 12    XL:     3   Next: 60%
Magic:  4/4        EV: 12    Int: 11    God:    Wu Jian [*.....]
Gold:   105        SH:  0    Dex: 16    Spells: 2/2 levels left

rFire   . . .      SeeInvis .   a - +1 shortbow
rCold   . . .      Faith    .   (shield currently unavailable)
rNeg    . . .      Spirit   .   b - +0 leather armour
rPois   .          Reflect  .   (helmet restricted)
rElec   .          Harm     .   l - scarf {+Inv}
rCorr   .          Rampage  .   f - +2 pair of gloves
Will    .....                   (boots unavailable)
Stlth   ++........              (no amulet)
HPRegen 0.07/turn               (no ring)
MPRegen 0.09/turn               (no ring)

@: no status effects
A: beak, talons 3
a: Renounce Religion, Evoke Invisibility


You were on level 2 of the Dungeon.
You worshipped Wu Jian.
Wu Jian was aware of your devotion.
You visited 1 branch of the dungeon, and saw 2 of its levels.

You collected 105 gold pieces.

Inventory:

Hand Weapons
 a - a +1 shortbow (weapon)
Armour
 b - a +0 leather armour (worn)
 f - a +2 pair of gloves (worn)
 l - a scarf of invisibility (worn)
Jewellery
 h - an amulet of magic regeneration
Scrolls
 c - 2 scrolls of teleportation {unknown}
 g - 2 scrolls of identify {unknown}
 i - a scroll of noise {unknown}
 k - a scroll of brand weapon {unknown}
Potions
 d - a potion of might {unknown}
 e - a potion of attraction {unknown}
 j - a potion of heal wounds {unknown}


   Skills:
 + Level 2.2 Fighting
 * Level 5.5 Bows
 + Level 0.1 Armour
 + Level 2.2 Dodging
 + Level 1.1 Stealth


You had 2 spell levels left.
You didn't know any spells.
Your spell library contained the following spells:

 Spells                   Type           Power      Damage    Failure   Level
 Shock                    Conj/Air       0%         1d3       41%         1
 Swiftness                Air            0%         N/A       80%         3
 Airstrike                Air            0%         N/A       99%         4


Dungeon Overview and Level Annotations

Branches:
Dungeon (2/15)

Altars:
Wu Jian


Innate Abilities, Weirdness & Mutations

You have a beak for a mouth.
You have claws for feet.


Message History

No target in view!
No target in view!
A giant cockroach comes into view.
You shoot an arrow. The arrow hits the giant cockroach.
The giant cockroach is severely wounded.
You shoot an arrow. The arrow hits the giant cockroach!
You kill the giant cockroach!
No target in view!
No target in view!
No target in view!
A bat comes into view.
You shoot an arrow. The arrow hits the bat.
You kill the bat!
No target in view!
No target in view!
No target in view!
No target in view!
You see here a giant cockroach corpse.
You see here a bat corpse.
Found a stone staircase leading up.
There is a stone staircase leading up here.
You see here a frilled lizard skeleton.
You see here a bat skeleton.
There is a stone staircase leading down here.
You now have 88 gold pieces (gained 11).
Found a leather armour.
You see here a +0 leather armour.
You now have 99 gold pieces (gained 11).
You now have 105 gold pieces (gained 6).
Done exploring.
You see here 15 stones.
There is a faded altar of an unknown god here.
You cannot tell which god this altar belongs to.
Convert to them anyway?
Wu Jian accepts your prayer! The Council welcomes you!
You can now perform damaging attacks by moving towards foes.
You can now lightly attack monsters by moving around them.
Unknown command.
Press < or > to pray at altars.
Are you sure you want to abandon this character and quit the game? (Confirm with "yes".)

# #.##.###....##÷....# #..... #
#.##.#....#.##.#...# #.#.## #
#.##...............### #...# #
#.#.....P..........#.#####.#.##
###............###....#......#...
#........P.≈⌠.≈..#...###.....###.
#.##........⌠⌠≈..#..#.#.####.# #[
#.###......P...###..##.## #.# #.
#.# ####...P....@#####.# #.# #.
#.#####........###.....#####.# #.
...........####.†.P.........<###.
#.#####.^##.....P.P.##...........
#.#####.............##.#####.####
#...................##.# #.#
#######................#####.#
#..######.###..........#
#.#######.# ############


There were no monsters in sight!

Vanquished Creatures
  3 bats (D:2)
  3 endoplasms (D:1)
  3 giant cockroaches
  2 goblins (D:1)
  6 hobgoblins
  4 jackals
  2 kobolds (D:1)
  5 quokkas
  2 ball pythons (D:1)
  6 frilled lizards
  2 rats (D:2)
38 creatures vanquished.

Vanquished Creatures (others)
  3 fungi (D:2)
  4 plants (D:2)
7 creatures vanquished.

Grand Total: 45 creatures vanquished

Notes
Turn   | Place    | Note
-------+----------+-------------------------------------------
     0 | D:1      | AlmostDecent the Tengu Hunter began the quest for the Orb.
     0 | D:1      | Reached XP level 1. HP: 12/12 MP: 2/2
    72 | D:1      | Reached XP level 2. HP: 17/17 MP: 3/3
   152 | D:1      | Reached skill level 5 in Bows
   223 | D:1      | Reached XP level 3. HP: 21/21 MP: 4/4
   865 | D:2      | Found a faded altar of an unknown god.
  1282 | D:2      | Prayed at the altar of an unknown god.
  1282 | D:2      | Became a worshipper of the Wu Jian Council
  1282 | D:2      | Reached * piety under Wu Jian
  1283 | D:2      | Quit the game

Illustrated notes

Levels and vault maps discovered:
D:1:      roderic_dead_forest, layout_loops_ring
D:2:      layout_loops_ring, shapermc_ecumenical_altar_mp_ritualfount

Skill      XL: |  1  2 |
---------------+-------+-----
Bows           | 5 |  5.5
Fighting       | |  2.2
Armour         | |  0.1
Dodging        | |  2.2
Stealth        | |  1.1

Action                   || total
-------------------------++-------
 Fire: Shortbow          ||    91
Armor: Leather armour    ||     9
Dodge: Dodged            ||    17

Table legend: (Time is in decaauts)
 A = Elapsed time spent in this place.
 B = Non-inter-level travel time spent in this place.
 C = Inter-level travel time spent in this place.
 D = Time resting spent in this place.
 E = Time spent auto-exploring this place.
 F = Levels seen in this place.
 G = Mean time per level.
                   A        B        C        D        E       F      G
               +--------+--------+--------+--------+--------+-----+--------+
         Total |   1309 |   1241 |     68 |      0 |   1033 |   2 |  654.5 |
       Dungeon |   1309 |   1241 |     68 |      0 |   1033 |   2 |  654.5 |
               +--------+--------+--------+--------+--------+-----+--------+

Top non-repeatable levels by time:
     D:1: 718 daAuts
     D:2: 590 daAuts
